Map: Tours du crépuscule

Players

Chris

  • Race: Zerg Zerg
  • League: Silver
  • Spawn Location: 1:00

zidar - Winner!

  • Race: Zerg Zerg
  • League: Silver
  • Spawn Location: 7:00

VOD

Have the link to the VOD?

Description

Time

  • Played on: Dec. 13, 2015, 5:27 a.m.
  • Length: 3:40
Show
View Real Time Build Order
Export as new Build Order

Chris Zerg 

Build Orders: Pool First 

Get SALT Encoding   

  12  0:08  Overlord  
  12  0:27  Spawning Pool  
  11  0:37  Drone x2  
  13  1:05  Hatchery  
  13  1:07  Drone  
  13  1:10  Drone  
  14  1:17  Extractor  
  13  1:26  Queen  
  15  1:36  Drone x2  
  17  1:47  Drone  
  18  2:01  Drone x2  
  20  2:20  Zergling x4  
  22  2:32  Queen  
  24  2:38  Zergling x2  
  24  2:39  Zergling x6  
  24  2:43  Overlord  
  28  3:09  Baneling Nest  
  27  3:17  Spine Crawler  
  27  3:18  Zergling x14  
Show
View Real Time Build Order
Export as new Build Order

zidar Zerg - Winner!

Build Orders: Pool Only 

Get SALT Encoding   

  12  0:01  Drone  
  13  0:15  Drone  
  14  0:26  Spawning Pool  
  13  0:30  Drone  
  14  0:37  Overlord  
  14  0:44  Extractor, Drone  
  14  1:09  Overlord  
  14  1:12  Queen  
  14  1:15  Zergling x4  
  18  1:26  Zergling x2  
  19  1:34  Zergling x2  
  20  1:43  Zergling x2  
  20  1:44  Metabolic Boost  
  22  1:54  Zergling x2  
  22  1:59  Queen  
  24  2:09  Zergling x2  
  24  2:15  Zergling x2  
  26  2:21  Zergling x2  
  26  2:22  Zergling x4  
  29  2:30  Overlord  
  29  3:04  Zergling x12  
Tags
 
Add a new tag
Caveats
  • Supply blocks, unpowered buildings, or Contaminate may cause inaccurate times.
  • Supply counts are checked every 10 seconds.